TOP OF THE 1ST |
Wilmington Blue Rocks batting - Pitching for Lynchburg Hillcats : LHP Victor Garcia
|
Pitching: LHP Victor Garcia
|
|
Batting: RHB Kazuki Arai
|
0-0: Ball 1-0: Foul Ball, location: 2F 1-1: Foul Ball, location: 2F 1-2: Ball 2-2: Ball 3-2: Base on Balls
|
Batting: RHB Kevin Wimberly
|
0-0: Called Strike 0-1: Ball 1-1: Called Strike Kazuki Arai is caught stealing 2nd base 2-4 1-2: Ball 2-2: Ground out 5-3 (Groundball, 56S, EV 67.5 MPH)
|
Batting: RHB Andy Urquhart
|
0-0: Ball 1-0: Foul Ball, location: 2F 1-1: Swinging Strike 1-2: Ball 2-2: Strikes out swinging
|
Top of the 1st over - 0 runs, 0 hits, 0 errors, 0 left on base; Wilmington 0 - Lynchburg 0 |
BOTTOM OF THE 1ST |
Lynchburg Hillcats batting - Pitching for Wilmington Blue Rocks : RHP Howie Seidler
|
Pitching: RHP Howie Seidler
|
|
Batting: SHB Arturo Baez
|
0-0: Ball 1-0: Ground out 5-3 (Groundball, 56, EV 110.0 MPH)
|
Batting: RHB Willie Gonzales
|
0-0: Fly out, F3 (Popup, 3SF, EV 69.4 MPH)
|
Batting: LHB Nick Welling
|
0-0: Swinging Strike 0-1: Called Strike 0-2: Ball 1-2: Ball 2-2: Foul Ball, location: 2F 2-2: Foul Ball, location: 2F 2-2: Ball 3-2: Foul Ball, location: 2F 3-2: Fly out, F7 (Line Drive, 7S, EV 103.1 MPH)
|
Bottom of the 1st over - 0 runs, 0 hits, 0 errors, 0 left on base; Wilmington 0 - Lynchburg 0 |
TOP OF THE 2ND |
Wilmington Blue Rocks batting - Pitching for Lynchburg Hillcats : LHP Victor Garcia
|
Batting: LHB Robert Wilkins
|
0-0: Swinging Strike 0-1: Ball 1-1: Ball 2-1: Ball 3-1: Swinging Strike 3-2: Base on Balls
|
Batting: RHB Nick Julien
|
0-0: Ball 1-0: Swinging Strike 1-1: Called Strike 1-2: Strikes out looking
|
Batting: RHB Edwin Ramos
|
0-0: Ball 1-0: Swinging Strike 1-1: Foul Ball, location: 2F 1-2: Strikes out looking
|
Batting: RHB Chad Sullivan
|
0-0: Swinging Strike 0-1: Foul Ball, location: 2F 0-2: DOUBLE (Flyball, 78XD, EV 99.4 MPH) Robert Wilkins to third
|
Batting: RHB Nate De Jongh
|
0-0: SINGLE (Groundball, 4M, EV 85.6 MPH) (infield hit) Robert Wilkins scores Chad Sullivan to third
|
Batting: RHB Eric Erickson
|
0-0: Ball 1-0: Ground out 4-3 (Groundball, 34S, EV 90.6 MPH)
|
Top of the 2nd over - 1 run, 2 hits, 0 errors, 2 left on base; Wilmington 1 - Lynchburg 0 |
BOTTOM OF THE 2ND |
Lynchburg Hillcats batting - Pitching for Wilmington Blue Rocks : RHP Howie Seidler
|
Batting: LHB Jeff Palmowski
|
0-0: Fly out, F7 (Flyball, 7S, EV 93.1 MPH)
|
Batting: RHB Jeremy Givens
|
0-0: Ball 1-0: Called Strike 1-1: Foul Ball, location: 2F 1-2: Ball 2-2: DOUBLE (Groundball, 5L, EV 108.8 MPH)
|
Batting: LHB Dave Key
|
0-0: Foul Ball, location: 2F 0-1: Called Strike 0-2: 2-RUN HOME RUN (Line Drive, 7LD, EV 93.8 MPH), Distance : 350 ft
|
Batting: RHB Tai Joo
|
0-0: Ball 1-0: Ball 2-0: Foul Ball, location: 2F 2-1: SINGLE (Groundball, 56D, EV 103.1 MPH)
|
Batting: RHB Adrian Martinelli
|
0-0: Called Strike 0-1: Foul Ball, location: 2F 0-2: Foul Ball, location: 2F 0-2: Fielders Choice at 2nd, 1-6 (Groundball, 13S, EV 63.1 MPH)
|
Batting: RHB Tsega Haida
|
0-0: Ball 1-0: Ball Adrian Martinelli is caught stealing 2nd base 2-4
|
Bottom of the 2nd over - 2 runs, 3 hits, 0 errors, 0 left on base; Wilmington 1 - Lynchburg 2 |
TOP OF THE 3RD |
Wilmington Blue Rocks batting - Pitching for Lynchburg Hillcats : LHP Victor Garcia
|
Batting: RHB Kazuki Arai
|
0-0: Ball 1-0: Ball 2-0: Swinging Strike 2-1: Ball 3-1: Called Strike 3-2: Base on Balls
|
Batting: RHB Kevin Wimberly
|
0-0: Foul Ball, location: 2F 0-1: SINGLE (Flyball, 8LS, EV 98.1 MPH) Kazuki Arai to second
|
Batting: RHB Andy Urquhart
|
0-0: Called Strike 0-1: Ball Wild Pitch! Kazuki Arai to third Kevin Wimberly to second 1-1: Foul Ball, location: 2F 1-2: Foul Ball, location: 2F 1-2: Fly out, F9 (Flyball, 9D, EV 83.1 MPH) Runner from 3rd tags up, SCORES, throw by RF Kevin Wimberly to third
|
Batting: LHB Robert Wilkins
|
0-0: Foul Ball, location: 2F 0-1: Ball 1-1: Foul Ball, location: 2F 1-2: Foul Ball, location: 2F 1-2: Ball 2-2: Strikes out swinging
|
Batting: RHB Nick Julien
|
0-0: Ball 1-0: SINGLE (Groundball, 56D, EV 106.9 MPH) Kevin Wimberly scores
|
Batting: RHB Edwin Ramos
|
0-0: Fielders Choice at 2nd, 6-4 (Groundball, 6, EV 102.5 MPH)
|
Top of the 3rd over - 2 runs, 2 hits, 0 errors, 1 left on base; Wilmington 3 - Lynchburg 2 |
BOTTOM OF THE 3RD |
Lynchburg Hillcats batting - Pitching for Wilmington Blue Rocks : RHP Howie Seidler
|
Batting: RHB Tsega Haida
|
0-0: Foul Ball, location: 2F 0-1: Ball 1-1: Called Strike 1-2: Ball 2-2: Foul Ball, location: 2F 2-2: Foul Ball, location: 2F 2-2: Ball 3-2: Strikes out swinging
|
Batting: SHB Arturo Baez
|
0-0: Ball 1-0: Fly out, F8 (Flyball, 8LD, EV 102.5 MPH)
|
Batting: RHB Willie Gonzales
|
0-0: Ground out 4-3 (Groundball, 4M, EV 101.2 MPH)
|
Bottom of the 3rd over - 0 runs, 0 hits, 0 errors, 0 left on base; Wilmington 3 - Lynchburg 2 |
TOP OF THE 4TH |
Wilmington Blue Rocks batting - Pitching for Lynchburg Hillcats : LHP Victor Garcia
|
Batting: RHB Chad Sullivan
|
0-0: Ball 1-0: Swinging Strike 1-1: Ball 2-1: Swinging Strike 2-2: Strikes out swinging
|
Batting: RHB Nate De Jongh
|
0-0: Ball 1-0: Foul Ball, location: 2F 1-1: Foul Ball, location: 2F 1-2: Ball 2-2: Ground out 6-3 (Groundball, 6MD, EV 104.4 MPH)
|
Batting: RHB Eric Erickson
|
0-0: Ball 1-0: Ball 2-0: Ball 3-0: Called Strike 3-1: Fly out, F8 (Flyball, 78M, EV 88.1 MPH)
|
Top of the 4th over - 0 runs, 0 hits, 0 errors, 0 left on base; Wilmington 3 - Lynchburg 2 |
BOTTOM OF THE 4TH |
Lynchburg Hillcats batting - Pitching for Wilmington Blue Rocks : RHP Howie Seidler
|
Batting: LHB Nick Welling
|
0-0: Ball 1-0: Ball 2-0: Fly out, F6 (Popup, 6, EV 57.5 MPH)
|
Batting: LHB Jeff Palmowski
|
0-0: Called Strike 0-1: DOUBLE (Line Drive, 7LD, EV 107.5 MPH)
|
Batting: RHB Jeremy Givens
|
0-0: Ball Passed Ball! Jeff Palmowski to third 1-0: Ball Passed Ball! Jeff Palmowski scores 2-0: Ball 3-0: Called Strike 3-1: Base on Balls
|
Batting: LHB Dave Key
|
0-0: SINGLE (Line Drive, 78S, EV 106.2 MPH) Jeremy Givens to second Jeremy Givens to third
|
Batting: RHB Tai Joo
|
0-0: Ball 1-0: Called Strike Dave Key steals 2nd base 1-1: Fly out, F8 (Flyball, 89M, EV 87.5 MPH) Runner from 3rd tags up, SCORES, throw by CF Dave Key to third
|
Batting: RHB Adrian Martinelli
|
0-0: Ball 1-0: Called Strike 1-1: Foul Ball, location: 2F 1-2: DOUBLE (Groundball, 5L, EV 104.4 MPH) Dave Key scores
|
Pitching: LHP Tyler Abraham
|
|
Batting: RHB Tsega Haida
|
0-0: Ball Passed Ball! Adrian Martinelli to third 1-0: Ball 2-0: Called Strike 2-1: Ball 3-1: Called Strike 3-2: Base on Balls
|
Batting: SHB Arturo Baez
|
0-0: SINGLE (Groundball, 6MD, EV 106.9 MPH) Adrian Martinelli scores Tsega Haida to second Runner from 2nd tries for 3rd, SAFE, throw by CF made to third
|
Batting: RHB Willie Gonzales
|
0-0: Ball 1-0: Foul Ball, location: 2F 1-1: Swinging Strike 1-2: Strikes out swinging
|
Bottom of the 4th over - 4 runs, 4 hits, 0 errors, 2 left on base; Wilmington 3 - Lynchburg 6 |
TOP OF THE 5TH |
Wilmington Blue Rocks batting - Pitching for Lynchburg Hillcats : LHP Victor Garcia
|
Batting: RHB Kazuki Arai
|
0-0: Ball 1-0: Foul Ball, location: 2F 1-1: Swinging Strike 1-2: SOLO HOME RUN (Flyball, 9D, EV 96.9 MPH), Distance : 365 ft
|
Batting: RHB Kevin Wimberly
|
0-0: Foul Ball, location: 2F 0-1: Ball 1-1: Ball 2-1: Ball 3-1: Base on Balls
|
Pitching: RHP Jonah Syndergaard
|
|
Batting: RHB Andy Urquhart
|
0-0: Ball 1-0: Called Strike 1-1: Called Strike 1-2: Hit by Pitch Kevin Wimberly to second
|
Batting: LHB Robert Wilkins
|
0-0: Ball 1-0: Foul Ball, location: 2F 1-1: Ball 2-1: DOUBLE (Line Drive, 7LS, EV 102.5 MPH) Kevin Wimberly scores Andy Urquhart to third
|
Batting: RHB Nick Julien
|
0-0: SINGLE (Flyball, 4MD, EV 93.1 MPH) Andy Urquhart scores Robert Wilkins to third Runner from 3rd tries for Home, SAFE, throw by CF to home Nick Julien to second
|
Batting: RHB Edwin Ramos
|
0-0: Ground out 3-1 (Groundball, 13, EV 86.2 MPH) Nick Julien to third
|
Batting: RHB Chad Sullivan
|
0-0: Called Strike 0-1: Swinging Strike 0-2: Ball Wild Pitch! Nick Julien scores 1-2: Ball 2-2: Strikes out swinging
|
Batting: RHB Nate De Jongh
|
0-0: Called Strike 0-1: Fly out, F9 (Flyball, 89S, EV 80.0 MPH)
|
Top of the 5th over - 5 runs, 3 hits, 0 errors, 0 left on base; Wilmington 8 - Lynchburg 6 |
BOTTOM OF THE 5TH |
Lynchburg Hillcats batting - Pitching for Wilmington Blue Rocks : LHP Tyler Abraham
|
Batting: LHB Nick Welling
|
0-0: Ball 1-0: Ball 2-0: Called Strike 2-1: Foul Ball, location: 2F 2-2: Fly out, F7 (Flyball, 7, EV 73.8 MPH)
|
Pinch Hitting: RHB Greg Harden
|
0-0: Swinging Strike 0-1: Ball 1-1: Foul Ball, location: 2F 1-2: Strikes out swinging
|
Batting: RHB Jeremy Givens
|
0-0: Swinging Strike 0-1: Ball 1-1: Fly out, F8 (Flyball, 8RXD, EV 104.4 MPH)
|
Bottom of the 5th over - 0 runs, 0 hits, 0 errors, 0 left on base; Wilmington 8 - Lynchburg 6 |
TOP OF THE 6TH |
Wilmington Blue Rocks batting - Pitching for Lynchburg Hillcats : RHP Jonah Syndergaard
|
Pitching: RHP David Aldape
|
|
Now in LF: Greg Harden
|
|
Now in RF: Nick Welling
|
|
Batting: RHB Eric Erickson
|
0-0: Swinging Strike 0-1: Ball 1-1: Ball 2-1: Swinging Strike 2-2: Foul Ball, location: 2F 2-2: SOLO HOME RUN (Flyball, 7D, EV 97.5 MPH), Distance : 354 ft
|
Batting: RHB Kazuki Arai
|
0-0: Ball 1-0: Foul Ball, location: 2F 1-1: Called Strike 1-2: Strikes out looking
|
Batting: RHB Kevin Wimberly
|
0-0: Ball 1-0: Foul Ball, location: 2F 1-1: Foul Ball, location: 2F 1-2: Ball 2-2: Foul Ball, location: 2F 2-2: Ball 3-2: Fly out, F9 (Flyball, 89S, EV 91.9 MPH)
|
Batting: RHB Andy Urquhart
|
0-0: Ball 1-0: Called Strike 1-1: Swinging Strike 1-2: Ball 2-2: Foul Ball, location: 2F 2-2: Strikes out looking
|
Top of the 6th over - 1 run, 1 hit, 0 errors, 0 left on base; Wilmington 9 - Lynchburg 6 |
BOTTOM OF THE 6TH |
Lynchburg Hillcats batting - Pitching for Wilmington Blue Rocks : LHP Tyler Abraham
|
Batting: LHB Dave Key
|
0-0: Ball 1-0: Foul Ball, location: 2F 1-1: Swinging Strike 1-2: Strikes out looking
|
Batting: RHB Tai Joo
|
0-0: Ball 1-0: Called Strike 1-1: Foul Ball, location: 2F 1-2: Strikes out looking
|
Batting: RHB Adrian Martinelli
|
0-0: Swinging Strike 0-1: Foul Ball, location: 2F 0-2: SINGLE (Groundball, 6MD, EV 105.0 MPH) (infield hit)
|
Batting: RHB Tsega Haida
|
0-0: Called Strike Adrian Martinelli steals 2nd, throwing error, E2 Adrian Martinelli to third 0-1: Fly out, F7 (Flyball, 7D, EV 95.6 MPH)
|
Bottom of the 6th over - 0 runs, 1 hit, 1 error, 1 left on base; Wilmington 9 - Lynchburg 6 |
TOP OF THE 7TH |
Wilmington Blue Rocks batting - Pitching for Lynchburg Hillcats : RHP David Aldape
|
Batting: LHB Robert Wilkins
|
0-0: Called Strike 0-1: Swinging Strike 0-2: Ball 1-2: Strikes out swinging
|
Batting: RHB Nick Julien
|
0-0: Ball 1-0: Ball 2-0: Ball 3-0: Called Strike 3-1: Swinging Strike 3-2: SOLO HOME RUN (Flyball, 89XD, EV 111.9 MPH), Distance : 409 ft
|
Batting: RHB Edwin Ramos
|
0-0: Ball 1-0: Called Strike 1-1: Swinging Strike 1-2: Ball 2-2: Strikes out swinging
|
Batting: RHB Chad Sullivan
|
0-0: Called Strike 0-1: Ball 1-1: Foul Ball, location: 2F 1-2: Ball 2-2: Fly out, F6 (Flyball, 6D, EV 89.4 MPH)
|
Top of the 7th over - 1 run, 1 hit, 0 errors, 0 left on base; Wilmington 10 - Lynchburg 6 |
BOTTOM OF THE 7TH |
Lynchburg Hillcats batting - Pitching for Wilmington Blue Rocks : LHP Tyler Abraham
|
Batting: SHB Arturo Baez
|
0-0: Foul Ball, location: 2F 0-1: Ball 1-1: Ball 2-1: Foul Ball, location: 2F 2-2: SINGLE (Groundball, 56D, EV 103.8 MPH)
|
Batting: RHB Willie Gonzales
|
0-0: SINGLE (Groundball, 6MD, EV 104.4 MPH) Arturo Baez to second Runner from 2nd tries for 3rd, OUT! 8-5
|
Pinch Hitting: RHB Diwan Abdul-Salam
|
0-0: Called Strike Willie Gonzales steals 2nd base 0-1: Ball Passed Ball! Willie Gonzales to third 1-1: Ball Passed Ball! Willie Gonzales scores 2-1: Fly out, F7 (Flyball, 7D, EV 91.9 MPH)
|
Batting: RHB Greg Harden
|
0-0: Called Strike 0-1: Foul Ball, location: 2F 0-2: Foul Ball, location: 2F 0-2: Ball 1-2: Strikes out swinging
|
Bottom of the 7th over - 1 run, 2 hits, 0 errors, 0 left on base; Wilmington 10 - Lynchburg 7 |
TOP OF THE 8TH |
Wilmington Blue Rocks batting - Pitching for Lynchburg Hillcats : RHP David Aldape
|
Now in RF: Travis Burnett
|
|
Batting: RHB Nate De Jongh
|
0-0: Ball 1-0: Foul Ball, location: 2F 1-1: Ball 2-1: Ball 3-1: Base on Balls
|
Pitching: RHP En-guo Tsu
|
|
Batting: RHB Eric Erickson
|
0-0: Bunt missed! 0-1: Bunt missed! 0-2: Ball 1-2: Strikes out swinging
|
Batting: RHB Kazuki Arai
|
0-0: Ball 1-0: Called Strike 1-1: Fielders Choice at 2nd, 5-4 (Groundball, 56, EV 86.2 MPH)
|
Batting: RHB Kevin Wimberly
|
0-0: Ball 1-0: Ball 2-0: Foul Ball, location: 2F 2-1: Foul Ball, location: 2F 2-2: TRIPLE (Flyball, 89XD, EV 99.4 MPH) Kazuki Arai scores
|
Batting: RHB Andy Urquhart
|
0-0: Called Strike 0-1: Ball 1-1: Swinging Strike 1-2: Strikes out swinging
|
Top of the 8th over - 1 run, 1 hit, 0 errors, 1 left on base; Wilmington 11 - Lynchburg 7 |
BOTTOM OF THE 8TH |
Lynchburg Hillcats batting - Pitching for Wilmington Blue Rocks : LHP Tyler Abraham
|
Pitching: RHP Joe Adelmann
|
|
Batting: RHB Jeremy Givens
|
0-0: Ball 1-0: Ball 2-0: Ball 3-0: Called Strike 3-1: Base on Balls
|
Batting: LHB Dave Key
|
0-0: Called Strike 0-1: Ball 1-1: Ball 2-1: Foul Ball, location: 2F 2-2: Strikes out looking
|
Batting: RHB Tai Joo
|
0-0: Ball 1-0: Ball 2-0: Ball 3-0: Base on Balls Jeremy Givens to second
|
Pinch Hitting: LHB Chris Morgan
|
0-0: Ball 1-0: Ball 2-0: Ball 3-0: Called Strike 3-1: Called Strike 3-2: Base on Balls Jeremy Givens to third Tai Joo to second
|
Batting: RHB Tsega Haida
|
0-0: Grounds into fielders choice 1-2 (Groundball, 23, EV 66.2 MPH) Tai Joo to third Chris Morgan to second
|
Batting: SHB Arturo Baez
|
0-0: Called Strike 0-1: Foul Ball, location: 2F 0-2: Foul Ball, location: 2F 0-2: Foul Ball, location: 2F 0-2: Ball 1-2: Ball 2-2: Ground out 4-3 (Groundball, 4, EV 104.4 MPH)
|
Bottom of the 8th over - 0 runs, 0 hits, 0 errors, 3 left on base; Wilmington 11 - Lynchburg 7 |
TOP OF THE 9TH |
Wilmington Blue Rocks batting - Pitching for Lynchburg Hillcats : RHP En-guo Tsu
|
Now at 1B: Chris Morgan
|
|
Batting: LHB Robert Wilkins
|
0-0: Ball 1-0: Ball 2-0: Swinging Strike 2-1: Foul Ball, location: 2F 2-2: Strikes out looking
|
Batting: RHB Nick Julien
|
0-0: Ball 1-0: Ground out 5-3 (Groundball, 56S, EV 84.4 MPH)
|
Batting: RHB Edwin Ramos
|
0-0: Ball 1-0: Swinging Strike 1-1: Called Strike 1-2: Foul Ball, location: 2F 1-2: Ball 2-2: Ground out 6-3 (Groundball, 6, EV 103.1 MPH)
|
Top of the 9th over - 0 runs, 0 hits, 0 errors, 0 left on base; Wilmington 11 - Lynchburg 7 |
BOTTOM OF THE 9TH |
Lynchburg Hillcats batting - Pitching for Wilmington Blue Rocks : RHP Joe Adelmann
|
Batting: RHB Willie Gonzales
|
0-0: Called Strike 0-1: SOLO HOME RUN (Flyball, 7D, EV 97.5 MPH), Distance : 363 ft
|
Batting: SHB Travis Burnett
|
0-0: Called Strike 0-1: Swinging Strike 0-2: Ball 1-2: Strikes out swinging
|
Pinch Hitting: LHB Alberto Chavez
|
0-0: Called Strike 0-1: Ball 1-1: Swinging Strike 1-2: Fly out, F4 (Popup, 34, EV 65.0 MPH)
|
Batting: RHB Jeremy Givens
|
0-0: Called Strike 0-1: Called Strike 0-2: Strikes out swinging
|
Bottom of the 9th over - 1 run, 1 hit, 0 errors, 0 left on base; Wilmington 11 - Lynchburg 8 |
|